 Dungeon Crawl Stone Soup version 0.30.0-11-gf55b779eaf (webtiles) character file.

Game seed: 1857604843059200907

94 freelancePsychic the Sneak (level 4, -2/39 HPs)
             Began as an Armataur Hunter on May 16, 2023.
             Was a Follower of Zin.
             Slain by a black bear (6 damage)
             ... on level 3 of the Dungeon.
             The game lasted 00:02:44 (1707 turns).

freelancePsychic the Sneak (Armataur Hunter)        Turns: 1707, Time: 00:02:44

Health: -2/39      AC:  6    Str: 19    XL:     4   Next: 38%
Magic:  5/5        EV: 10    Int:  9    God:    Zin [*.....]
Gold:   62         SH:  0    Dex: 22    Spells: 3/3 levels left

rFire   . . .        f - +0 dagger
rCold   . . .        (no shield)
rNeg    . . .        c - +0 leather armour
rPois   .            (no helmet)
rElec   .            (no cloak)
rCorr   .            l - +1 pair of gloves {Str+3}
SInv    .            (no barding)
Will    .....        (no amulet)
Stlth   +++          g - +6 ring of dexterity
HPRegen 0.26/turn    (no ring)
MPRegen 0.09/turn

%: roll
@: about to teleport
A: large, rugged brown scales 3, deformed body, armoured tail, roll, long
tongue, awkward tongue
a: Renounce Religion, Recite, Donate Gold


You were on level 3 of the Dungeon.
You worshipped Zin.
Zin was aware of your devotion.
You visited 1 branch of the dungeon, and saw 3 of its levels.

You collected 68 gold pieces.
You donated 6 gold pieces to Zin.

Inventory:

Hand Weapons
 a - a +0 shortbow
 f - a +0 dagger (weapon)
Armour
 c - a +0 leather armour (worn)
 l - a +1 pair of gloves of strength (worn)
Jewellery
 g - a +6 ring of dexterity (left hand)
Scrolls
 b - 2 scrolls of immolation
 e - a scroll of identify {@r1}
 m - a scroll of vulnerability {unknown}
 n - a scroll of fog {unknown}
Potions
 h - a potion of flight {unknown}
 i - 2 potions of curing {unknown}
 k - 2 potions of heal wounds {unknown}


   Skills:
 + Level 2.4 Fighting
 + Level 1.3 Short Blades
 - Level 2.9 Ranged Weapons
 - Level 1.3 Dodging
 * Level 3.3 Stealth
 + Level 1.5 Invocations


You had 3 spell levels left.
You didn't know any spells.
Your spell library contained the following spells:

 Spells                   Type           Power      Damage    Failure   Level
 Apportation              Tloc           0%         N/A       43%         1
 Necrotise                Necr           0%         1d4       43%         1
 Summon Small Mammal      Summ           0%         N/A       43%         1
 Dazzling Flash           Conj/Hex       0%         N/A       82%         3
 Volatile Blastmotes      Fire/Tloc      0%         2d10      82%         3
 Iskenderun's Mystic Bla  Conj/Tloc      0%         2d3       99%         4
 Starburst                Conj/Fire      0%         6d3       100%        6


Dungeon Overview and Level Annotations

Branches:
Dungeon (3/15)

Altars:
Zin

Annotations:
D:3 Grinder


Innate Abilities, Weirdness & Mutations

You are completely covered in rugged brown scales. (AC +3, +7% HP)
Armour fits poorly on your strangely shaped body.
You have a long armoured tail.
You roll when moving toward enemies. (Rampage)
Your long tongue fully drains potion bottles. (2x potion effects)
Your tongue gives you trouble enunciating. (1.5x scroll delay)


Message History

You hit the black bear.
The black bear is severely wounded.
The black bear bites you. The black bear claws you. x2
It was a potion of ambrosia.
You are confused.
You feel invigorated.
You slurp down every last drop of the potion of ambrosia!
The black bear bites you. The black bear claws you. The black bear misses you.
You bump into the rock wall.
The black bear closely misses you. The black bear claws you.
The black bear claws you but does no damage.
The black bear misses you.
The black bear claws you but does no damage.
The black bear claws you.
You bump into the rock wall.
The black bear bites you! The black bear claws you.
The black bear barely misses you.
You feel less invigorated.
You feel less confused.
The black bear bites you but does no damage.
The black bear claws you. The black bear barely misses you.
The black bear bites you! The black bear barely misses you.
The black bear claws you.
You see here a +0 sling.
You hit the black bear.
Your tail-slap misses the black bear.
The black bear is severely wounded.
The black bear bites you but does no damage.
The black bear claws you. The black bear barely misses you.
You hit the black bear.
The black bear is almost dead.
The black bear misses you. The black bear barely misses you.
The black bear completely misses you. The black bear bites you.
The black bear closely misses you. The black bear claws you.
* * * LOW HITPOINT WARNING * * *
As you slowly read the scroll of teleportation {@r4}, it crumbles to dust.
You feel strangely unstable. The black bear bites you.
* * * LOW HITPOINT WARNING * * *
The black bear claws you.
* * * LOW HITPOINT WARNING * * *
The black bear claws you.
You die...

##..## .# .# #.....
# .. .# ##..## #.#.
#.# #.... ##.#.##.#
#.###
.......###########.#
#$.....##.........#
#..#.#.......######
#..h@#[##.##.#
#.##.#.##.##.#
#......##.#
#........#####.#
########... ..#
##### ###


You could see a black bear (berserk).

Vanquished Creatures
  5 adders
  A dart slug (D:1)
  2 worms (D:2)
  3 bats
  5 endoplasms
  2 giant cockroaches
  6 goblins
  5 hobgoblins
  A quokka (D:1)
  A ball python (D:2)
  2 frilled lizards
  5 kobolds
  4 rats
42 creatures vanquished.

Notes
Turn   | Place    | Note
-------+----------+-------------------------------------------
     0 | D:1      | freelancePsychic the Armataur Hunter began the quest for
                  | the Orb.
     0 | D:1      | Reached XP level 1. HP: 18/18 MP: 1/1
    17 | D:1      | Found a faded altar of an unknown god.
    35 | D:1      | Prayed at the altar of an unknown god.
    35 | D:1      | Became a worshipper of Zin the Law-Giver
    35 | D:1      | Reached * piety under Zin
   277 | D:1      | Reached XP level 2. HP: 24/25 MP: 2/2
   488 | D:1      | Reached skill level 2 in Stealth
   981 | D:2      | Reached skill level 1 in Invocations
   981 | D:2      | Reached XP level 3. HP: 30/31 MP: 3/3
  1004 | D:2      | Reached skill level 1 in Short Blades
  1081 | D:2      | Reached skill level 3 in Stealth
  1117 | D:2      | Reached XP level 4. HP: 39/39 MP: 3/5
  1637 | D:3      | Noticed Grinder
  1697 | D:3      | Noticed a black bear
  1707 | D:3      | Slain by a black bear

Illustrated notes

Levels and vault maps discovered:
D:1:      scummos_arrival_simple_crosswalls, layout_loops_cross,
          dreamdust_ecumenical_altar_statues, chequers_decorated_corner,
          palyth_stone_intersect
D:2:      layout_basic
D:3:      layout_loops_cross, kennysheep_decorative_pillar, uniq_grinder

Skill      XL: |  1  2  3 |
---------------+----------+-----
Fighting       | 2 |  2.4
Stealth        | 2 3 |  3.3
Invocations    | 1 |  1.5
Short Blades   | 1 |  1.3
Ranged Weapons | |  2.9
Dodging        | |  1.3

Action                     |  1- 3 |  4- 6 || total
---------------------------+-------+-------++-------
  Melee: Dagger            |   105 |    51 ||   156
         Tailslap          |    15 |     5 ||    20
         Punch             |     2 |       ||     2
   Fire: Shortbow          |     8 |       ||     8
    Use: Scroll            |     2 |     1 ||     3
         Potion            |       |     1 ||     1
   Stab: Sleeping          |     7 |     4 ||    11
         Distracted        |     1 |       ||     1
 Armour: Leather armour    |    45 |    17 ||    62
  Dodge: Dodged            |    45 |    34 ||    79
